 Dungeon Crawl Stone Soup version 0.29.0-4-gdea44cf6ec (webtiles) character file.

Game seed: 9871526939729987084

65 qw the Chopper (level 4, -4/26 HPs)
             Began as a Tengu Warper on Aug 28, 2022.
             Slain by an iguana (8 damage)
             ... on level 3 of the Dungeon.
             The game lasted 00:00:15 (3112 turns).

qw the Chopper (Tengu Warper)                       Turns: 3112, Time: 00:00:16

Health: -4/26      AC:  3    Str: 14    XL:     4   Next: 14%
Magic:  8/8        EV: 12    Int: 13    God:
Gold:   145        SH:  0    Dex: 13    Spells: 7/7 levels left

rFire   . . .      SeeInvis .   Y - +3 hand axe (freeze)
rCold   . . .      Faith    .   (no shield)
rNeg    . . .      Spirit   .   b - +0 leather armour
rPois   .          Reflect  .   (helmet restricted)
rElec   .          Harm     .   (no cloak)
rCorr   .          Rampage  .   (no gloves)
Will    .....                   (boots unavailable)
Stlth   +.........              (no amulet)
HPRegen 0.08/turn               (no ring)
MPRegen 0.11/turn               (no ring)

@: no status effects
A: beak, talons 3
a: no special abilities


You were on level 3 of the Dungeon.
You visited 1 branch of the dungeon, and saw 3 of its levels.

You collected 145 gold pieces.


Innate Abilities, Weirdness & Mutations

You have a beak for a mouth.
You have claws for feet.


   Skills:
 - Level 2.0 Fighting
 + Level 4.7 Axes
 - Level 1.0 Throwing
 - Level 1.1 Armour
 - Level 2.1 Dodging
 - Level 2.0 Spellcasting
 - Level 2.4 Translocations


You had 7 spell levels left.
You didn't know any spells.
Your spell library contained the following spells:

 Spells                   Type           Power      Damage    Failure   Level
 Blink                    Tloc           14%        N/A       19%         2
 Gell's Gravitas          Tloc           7%         N/A       34%         3
 Lesser Beckoning         Tloc           7%         N/A       34%         3
 Teleport Other           Tloc           7%         N/A       34%         3
 Manifold Assault         Tloc           7%         N/A       97%         5

Inventory:

Hand Weapons
 d - a +0 whip
 Y - a +3 hand axe of freezing (weapon)
Armour
 b - a +0 leather armour (worn)
 c - a +0 pair of gloves
Jewellery
 f - a ring of ice
Scrolls
 e - a scroll of teleportation {unknown}
 i - a scroll of immolation {unknown}
 k - a scroll of identify {unknown}
Potions
 a - a potion of flight {unknown}
 g - a potion of ambrosia {unknown}
 h - a potion of attraction {unknown}
 j - a potion of might {unknown}

Dungeon Overview and Level Annotations

Branches:
Dungeon (3/15)

Altars:
Wu Jian


Message History

Y - a +3 hand axe of freezing (weapon)
2976 ||| BRANDING +3 hand axe of electrocution.
k - a scroll labelled HUMMIOCW JOAS
Found a book of Minor Magic.
You see here a book of Minor Magic.
There is a stone staircase leading down here.
You open the door.
The iguana hisses angrily.
There is an open door here.
You completely miss the iguana. Your kick misses the iguana.
You peck the iguana, but do no damage. The iguana barely misses you.
You barely miss the iguana. You claw the iguana. Your punch misses the iguana.
The iguana is moderately wounded.
The iguana bites you.
You hit the iguana but do no damage. Your kick misses the iguana.
The iguana is moderately wounded.
The iguana barely misses you.
You closely miss the iguana.
The iguana is moderately wounded.
The iguana bites you!
You closely miss the iguana. Your peck misses the iguana.
The iguana is moderately wounded.
The iguana closely misses you.
You hit the iguana.
The iguana seems to slow down.
You freeze the iguana.
The iguana is moderately wounded.
The iguana barely misses you.
You hit the iguana.
The iguana seems to slow down.
You freeze the iguana. Your kick misses the iguana.
The iguana is heavily wounded.
The iguana closely misses you.
You completely miss the iguana. You claw the iguana. You peck the iguana.
The iguana is almost dead.
The iguana bites you!
You closely miss the iguana. You peck the iguana.
The iguana is almost dead.
You barely miss the iguana. You claw the iguana, but do no damage.
The iguana is almost dead.
The iguana bites you!
You die...

##### #########..'####
..........##~~~~#
########..##~...# #######
...........#~...###########......
.#######..##~...#...........#####
.#######..##~..l#..########.# #
##.........#####@.## #.# #
#.#####..###.##### #.# #
#.#...#..###.####### #.#####
#.........##.......#######......
##...................>.....####..
....%.....#####.###.########~~~~~
###.#.#.#.# #.###.# ####..
#.....#.# #..##.# #.#. #.......#
#.'#### .....


You could see an iguana (slow).

Vanquished Creatures
  An adder (D:3)
  2 dart slugs (D:2)
  6 bats
  6 endoplasms
  2 giant cockroaches
  11 goblins
  5 hobgoblins
  6 kobolds
  A quokka (D:3)
  3 ball pythons (D:2)
  3 frilled lizards
  2 rats
48 creatures vanquished.

Vanquished Creatures (others)
  5 plants (D:1)
5 creatures vanquished.

Grand Total: 53 creatures vanquished

Notes
Turn   | Place    | Note
-------+----------+-------------------------------------------
     0 | D:1      | qw the Tengu Warper began the quest for the Orb.
     0 | D:1      | Reached XP level 1. HP: 12/12 MP: 4/4
     0 | D:1      | 0 ||| qw: Version: 0.1-a-89-g26bdef1
     0 | D:1      | 0 ||| qw: Game counter: 557
     0 | D:1      | 0 ||| qw: Always use a shield: true
     0 | D:1      | 0 ||| qw: God list: Okawaru
     0 | D:1      | 0 ||| qw: Allow faded altars: false
     0 | D:1      | 0 ||| qw: Do Orc after D:15 true
     0 | D:1      | 0 ||| qw: Do second Lair branch before Depths: true
     0 | D:1      | 0 ||| qw: Lair rune preference: random
     0 | D:1      | 0 ||| qw: Plans: Normal
     0 | D:1      | 0 ||| PLANNING D:1-11
    42 | D:1      | 42 ||| Stepping ~*~*~tactically~*~*~ (stealth).
    49 | D:1      | Reached XP level 2. HP: 17/17 MP: 6/6
   105 | D:1      | Reached skill level 3 in Axes
   275 | D:1      | 275 ||| Stepping ~*~*~tactically~*~*~ (stealth).
   608 | D:1      | 608 ||| Stepping ~*~*~tactically~*~*~ (stealth).
   727 | D:1      | Reached XP level 3. HP: 20/21 MP: 7/7
   766 | D:1      | Found a faded altar of an unknown god.
  1180 | D:1      | 1180 ||| READING scroll labelled EHENOM JEBE.
  1181 | D:1      | 1181 ||| READING scroll labelled IFRIKK TINN.
  1182 | D:1      | 1182 ||| READING scroll labelled MOASET VOAHAO.
  1183 | D:1      | 1183 ||| READING scroll labelled XOMOAXK ZEDGHENIMP.
  1184 | D:1      | 1184 ||| DRINKING 2 orange potions.
  1222 | D:1      | 1222 ||| DROPPING scroll of blinking.
  1223 | D:1      | 1223 ||| DROPPING potion of lignification.
  1265 | D:2      | Found an ornate altar of the Wu Jian Council.
  1396 | D:2      | Reached skill level 4 in Axes
  1469 | D:2      | 1469 ||| DROPPING +0 club.
  1492 | D:2      | 1492 ||| Stepping ~*~*~tactically~*~*~ (stealth).
  1494 | D:2      | 1494 ||| Stepping ~*~*~tactically~*~*~ (stealth).
  1504 | D:2      | 1504 ||| Stepping ~*~*~tactically~*~*~ (hiding).
  1505 | D:2      | 1505 ||| Stepping ~*~*~tactically~*~*~ (hiding).
  1508 | D:2      | 1508 ||| Stepping ~*~*~tactically~*~*~ (hiding).
  1509 | D:2      | 1509 ||| Stepping ~*~*~tactically~*~*~ (hiding).
  1530 | D:2      | 1530 ||| Stepping ~*~*~tactically~*~*~ (stealth).
  1688 | D:2      | 1688 ||| Stepping ~*~*~tactically~*~*~ (stealth).
  1689 | D:2      | 1689 ||| Stepping ~*~*~tactically~*~*~ (stealth).
  1690 | D:2      | 1690 ||| Stepping ~*~*~tactically~*~*~ (stealth).
  1691 | D:2      | 1691 ||| Stepping ~*~*~tactically~*~*~ (stealth).
  1692 | D:2      | 1692 ||| Stepping ~*~*~tactically~*~*~ (stealth).
  1693 | D:2      | 1693 ||| Stepping ~*~*~tactically~*~*~ (stealth).
  1829 | D:2      | 1829 ||| Stepping ~*~*~tactically~*~*~ (hiding).
  2002 | D:2      | 2002 ||| READING scroll labelled ASAT OLOESA.
  2125 | D:2      | 2125 ||| READING scroll labelled OGEYGI LUIHAOW.
  2627 | D:3      | 2627 ||| READING 2 scrolls of enchant weapon.
  2627 | D:3      | 2627 ||| ENCHANTING +1 hand axe of electrocution.
  2628 | D:3      | 2628 ||| READING scroll of enchant weapon.
  2628 | D:3      | 2628 ||| ENCHANTING +2 hand axe of electrocution.
  2865 | D:3      | 2865 ||| Stepping ~*~*~tactically~*~*~ (stealth).
  2872 | D:3      | Reached XP level 4. HP: 21/26 MP: 8/8
  2965 | D:3      | 2965 ||| Stepping ~*~*~tactically~*~*~ (stealth).
  2976 | D:3      | 2976 ||| READING scroll of brand weapon.
  2976 | D:3      | 2976 ||| BRANDING +3 hand axe of electrocution.
  3110 | D:3      | HP: 4/26 [iguana (11)]
  3112 | D:3      | Slain by an iguana

Levels and vault maps discovered:
D:1:      denvon_arrival_planthouse, layout_basic,
          chequers_ecumenical_altar_simple
D:2:      layout_basic, basic_altar, st_stairs_12, item_on_display_a
D:3:      layout_loops_ring, serial_rivers, chequers_serial_rivers_micro_a,
          chequers_serial_rivers_micro_d, chequers_serial_rivers_small_b,
          chequers_serial_rivers_room_a, chequers_serial_rivers_room_a,
          chequers_serial_rivers_micro_d

Skill      XL: |  1  2  3 |
---------------+----------+-----
Axes           | 3 4 |  4.7
Fighting       | |  2.0
Throwing       | |  1.0
Armour         | |  1.1
Dodging        | |  2.1
Spellcasting   | |  2.0
Translocations | |  2.4

Action                   |  1- 3 |  4- 6 || total
-------------------------+-------+-------++-------
Melee: Hand axe          |    97 |    11 ||   108
       Peck              |    17 |     3 ||    20
       Kick              |    18 |     3 ||    21
Throw: Boomerang         |     7 |       ||     7
  Use: Scroll            |     8 |     1 ||     9
       Potion            |     1 |       ||     1
Armor: Leather armour    |    17 |       ||    17
Dodge: Dodged            |    38 |     5 ||    43

Table legend:
 A = Non-vault XP
 B = Vault XP
 C = Vault XP percentage of total XP
 D = Non-vault monster count
 E = Vault monster count
 F = Vault count percentage of total count
                 A         B        C        D         E       F
            +---------+---------+-------+---------+---------+-------
      Total |      92 |       2 |   2.1 |      47 |       1 |   2.1
            +---------+---------+-------+---------+---------+-------
        D:1 |      40 |       0 |   0.0 |      23 |       0 |   0.0
        D:2 |      29 |       2 |   6.5 |      16 |       1 |   5.9
        D:3 |      23 |       0 |   0.0 |       8 |       0 |   0.0
            +---------+---------+-------+---------+---------+-------
